 Dungeon Crawl Stone Soup version 0.31-a0-986-g5e6e4ef867 (webtiles) character file.

Game seed: 1244650563285832518

8171 jasper the Basher (level 11, -11/90 HPs)
             Began as a Demonspawn Cinder Acolyte on Nov 8, 2023.
             Was a Priest of Ignis.
             Mangled by a two-headed ogre
             ... wielding a +0 giant club
              (23 damage)
             ... on level 10 of the Dungeon.
             The game lasted 00:14:35 (10514 turns).

jasper the Basher (Demonspawn Cinder Acolyte)      Turns: 10514, Time: 00:14:36

Health: -11/90     AC: 17    Str: 18    XL:     11   Next: 6%
Magic:  12/12      EV:  5    Int: 16    God:    Ignis [***...]
Gold:   329        SH: 13    Dex: 13    Spells: 10/12 levels left

rFire   + . .        z - +5 mace of Disharmony {venom, Dex+4}
rCold   . . .        P - +0 kite shield
rNeg    + . .        f - +0 chain mail
rPois   .            q - +0 helmet
rElec   .            (no cloak)
rCorr   .            K - +0 pair of gloves
SInv    .            (no boots)
Will    .....        (no amulet) Stlth
                     u - ring of wizardry
HPRegen 1.35/turn    A - ring of positive energy
MPRegen 0.13/turn

%: wizardry (x1)
@: lethally poisoned (-11 -> -28), fiery-armoured, slowed, very slow
A: large bone plates 2, ignite blood 2, powered by death 1, weakness stinger 1
a: Renounce Religion, Fiery Armour, Foxfire Swarm


You were on level 10 of the Dungeon.
You worshipped Ignis.
Ignis was most pleased with you.
You visited 1 branch of the dungeon, and saw 10 of its levels.

You collected 566 gold pieces.
You spent 237 gold pieces at shops.

Inventory:

Hand Weapons
 a - a -1 mace of flaming
 e - a +0 whip of flaming
 h - a +0 flail
 r - a +1 heavy flail
 z - the +5 mace of Disharmony (weapon) {venom, Dex+4}
   (You found it on level 4 of the Dungeon)

   Dex+4:     It affects your dexterity (+4).
 D - a +1 whip of freezing
 N - a +2 dire flail
Missiles
 d - 79 stones (quivered)
 l - 35 poisoned darts
 R - 5 boomerangs
Armour
 b - a +0 robe
 f - a +0 chain mail (worn)
 n - a +0 ring mail of poison resistance
 q - a +0 helmet (worn)
 t - a +2 leather armour of cold resistance
 B - a +0 plate armour
 K - a +0 pair of gloves (worn)
 P - a +0 kite shield (worn)
Jewellery
 u - a ring of wizardry (left hand)
 w - a +6 ring of intelligence
 A - a ring of positive energy (right hand)
 G - a ring of fire
 L - a ring of fire
 M - a ring of flight
Wands
 y - a wand of flame (18)
 J - a wand of digging (11)
 Q - a wand of charming (2)
Scrolls
 g - 3 scrolls of fog
 m - 7 scrolls of teleportation
 p - 2 scrolls of fear
 v - 2 scrolls of revelation
 E - a scroll of blinking
 H - a scroll of poison
 O - a scroll of identify
Potions
 c - 4 potions of attraction
 i - 2 potions of cancellation {unknown}
 j - 14 potions of degeneration
 k - 5 potions of might
 o - a potion of haste
 s - a potion of berserk rage
 x - a potion of magic {unknown}
 C - 3 potions of enlightenment {unknown}
 F - 5 potions of curing
 I - 2 potions of brilliance {unknown}


   Skills:
 - Level 10.0 Fighting
 + Level 13.4 Maces & Flails
 - Level 1.0 Spellcasting
 - Level 2.6 Fire Magic


You had 10 spell levels left.
You knew the following spells:

 Your Spells              Type           Power      Damage    Failure   Level
a - Scorch                Fire           18%        2d5       80%         2

Your spell library contained the following spells:

 Spells                   Type           Power      Damage    Failure   Level
 Foxfire                  Conj/Fire      20%        2x1d5     85%         1
 Necrotise                Necr           0%         1d4       95%         1
 Summon Small Mammal      Summ           0%         N/A       95%         1
 Wereblood                Tmut           0%         N/A       98%         2
 Inner Flame              Hex/Fire       5%         N/A       99%         3
 Call Canine Familiar     Summ           0%         N/A       100%        3
 Summon Guardian Golem    Hex/Summ       0%         N/A       100%        3
 Vampiric Draining        Necr           0%         2d6       100%        3
 Flame Wave               Conj/Fire      5%         2d5       100%        4
 Olgreb's Toxic Radiance  Pois           0%         N/A       100%        4
 Sticky Flame             Conj/Fire      5%         2d3       100%        4
 Vhi's Electric Charge    Tloc/Air       0%         N/A       100%        4
 Agony                    Necr           0%         N/A       100%        5
 Arcjolt                  Conj/Air       0%         1d10      100%        5
 Irradiate                Conj/Tmut      0%         3d11      100%        5
 Plasma Beam              Fire/Air       2%         2x1d12    100%        6
 Starburst                Conj/Fire      2%         6d3       100%        6
 Discord                  Hex            0%         N/A       100%        8
 Ignition                 Fire           4%         3d4       100%        8


Dungeon Overview and Level Annotations

Branches:
Dungeon (10/15)            Temple (0/1) D:7            Lair (0/5) D:9
    Orc (0/2) D:9

Altars:
Cheibriados
Dithmenos
Nemelex Xobeh
Okawaru
Sif Muna
Trog
Uskayaw
Wu Jian
Xom
Yredelemnul

Shops:
D:2 !   D:6 ?   D:10 [

Annotations:
D:3 1 transporter, Stellion's ghost, amateur DEAE
D:9 2 runed translucent doors, exclusion: orange crystal statue


Innate Abilities, Weirdness & Mutations

You are mostly covered in large bone plates. (SH +6)
Your demonic aura often causes spilled blood to erupt in flames.
You regenerate a little health from kills.
You have a small tail.


Message History

You have difficulty breathing.
You feel as though you will be slow longer.
The kobold brigand attacks as it pursues you!
The kobold brigand hits you with a +0 dagger.
The kobold brigand is burned by your cloak of flames.
The kobold brigand is moderately wounded.
You take 12 damage, and have 44/90 hp.
You barely miss the kobold.
The kobold is heavily wounded.
You feel extremely sick. You block the kobold's attack.
The kobold brigand hits you with a +0 dagger.
The kobold brigand is burned by your cloak of flames.
The kobold brigand is heavily wounded.
You block the kobold brigand's attack. You block the kobold's attack.
The kobold brigand hits you but does no damage.
The kobold brigand is burned by your cloak of flames.
The kobold brigand is heavily wounded.
You take 10 damage, and have 34/90 hp.
You feel extremely sick. You block the kobold's attack.
The kobold brigand hits you with a +0 dagger!
* * * LOW HITPOINT WARNING * * *
The kobold brigand is burned by your cloak of flames.
The kobold brigand is severely wounded.
You take 14 damage, and have 20/90 hp.
You feel very sick.
The kobold brigand throws a curare-tipped dart.
The curare-tipped dart hits you.
You are lethally poisoned!
You have difficulty breathing.
* * * LOW HITPOINT WARNING * * *
You feel as though you will be slow longer.
The kobold brigand attacks as it pursues you!
You block the kobold brigand's attack. The kobold hits you but does no damage.
The kobold is burned by your cloak of flames.
You kill the kobold!
The two-headed ogre is engulfed in blazing flames.
The two-headed ogre hits you with a +0 giant club!!
You die...

......#.. ......#⌠. ...
......#.## .#....... #..##
.........# [......###....
.........# #....#..#.....
........W##+##.............
.......)KK@................
........KO)................
..........................<
..............#............
<...............#.#..#.....
..............)####..##....
................##....###..
...............##..##..###.
.....?.........#..####..#..


You could see a two-headed ogre, 2 kobold brigands, a shadow and a kobold.

Vanquished Creatures
  Pikel (D:5)
  A deep elf pyromancer (D:7)
  An ugly thing (D:7)
  An unseen horror (D:7)
  Maggie (D:8)
  A troll (D:9)
  2 hornets
  Grinder (D:4)
  A wyvern (D:9)
  Eustachio (D:5)
  3 steam dragons
  7 yaks
  3 wargs (D:9)
  Edmund (D:4)
  2 water moccasins
  Duvessa (D:6)
  A swamp drake (D:9)
  Pargi (D:4)
  4 orc warriors
  An ogre (D:7)
  A phantom (D:4)
  4 centaurs
  3 kobold brigands
  Blork the orc (D:5)
  3 bullfrogs
  A scorpion (D:5)
  5 wights (D:8)
  Dowan (D:6)
  2 electric eels (D:9)
  4 hounds
  7 orc priests
  3 gnoll boudas
  2 sleepcaps
  Ijyb (D:4)
  An iguana (D:6)
  13 orc wizards
  8 adders
  10 gnolls
  2 shadow imps
  4 white imps
  3 worms
  2 dart slugs
  39 orcs
  8 endoplasms
  4 giant cockroaches
  2 goblins
  9 hobgoblins
  6 jackals
  3 quokkas
  5 ball pythons
  3 bats
  A frilled lizard (D:1)
  23 kobolds
  9 rats
228 creatures vanquished.

Vanquished Creatures (others)
  An orc wizard (D:9)
  An orc (D:9)
2 creatures vanquished.

Grand Total: 230 creatures vanquished

Notes
Turn   | Place    | Note
-------+----------+-------------------------------------------
     0 | D:1      | jasper the Demonspawn Cinder Acolyte began the quest for
                  | the Orb.
     0 | D:1      | Reached XP level 1. HP: 18/18 MP: 2/2
   153 | D:1      | Gained mutation: You are partially covered in large bone
                  | plates. (SH +4) [demonic ancestry]
   153 | D:1      | Reached XP level 2. HP: 20/24 MP: 3/3
   865 | D:2      | Reached XP level 3. HP: 31/31 MP: 4/4
   923 | D:2      | Found a faded altar of an unknown god.
  1009 | D:2      | Found Pikhlooq's Distillery.
  1048 | D:2      | Bought a potion of curing for 36 gold pieces
  1048 | D:2      | Bought a potion of curing for 36 gold pieces
  1137 | D:2      | You fall into a shaft and drop 1 floor!
  1165 | D:2      | Reached skill level 5 in Fighting
  1165 | D:2      | Gained mutation: Your demonic aura sometimes causes spilled
                  | blood to erupt in flames. [demonic ancestry]
  1165 | D:2      | Reached XP level 4. HP: 39/39 MP: 5/5
  1500 | D:2      | Gained mutation: Your demonic aura often causes spilled
                  | blood to erupt in flames. [demonic ancestry]
  1500 | D:2      | Reached XP level 5. HP: 27/46 MP: 6/6
  2029 | D:3      | Found a sparkling altar of Nemelex Xobeh.
  2072 | D:3      | Learned a level 2 spell: Scorch
  2212 | D:3      | Noticed Stellion's ghost (amateur DEAE)
  2228 | D:3      | Found a transporter.
  2228 | D:3      | Found a transporter.
  2735 | D:4      | Noticed Edmund
  2741 | D:4      | Killed Edmund
  2742 | D:4      | Gained mutation: You have a small tail. [demonic ancestry]
  2742 | D:4      | Reached XP level 6. HP: 55/55 MP: 7/7
  3145 | D:4      | Noticed Pargi
  3155 | D:4      | Killed Pargi
  3247 | D:4      | Reached XP level 7. HP: 60/62 MP: 8/8
  3341 | D:4      | Noticed Ijyb
  3343 | D:4      | Noticed Grinder
  3349 | D:4      | Killed Ijyb
  3352 | D:4      | Paralysed by Grinder for 5 turns
  3356 | D:4      | Killed Grinder
  3417 | D:4      | Identified the +5 mace of Disharmony {venom, Dex+4}
  3885 | D:5      | Entered Level 5 of the Dungeon
  4235 | D:5      | Noticed Pikel
  4255 | D:5      | Killed Pikel
  4256 | D:5      | Reached skill level 10 in Fighting
  4256 | D:5      | Reached skill level 4 in Maces & Flails
  4256 | D:5      | Gained mutation: You regenerate a little health from kills.
                  | [demonic ancestry]
  4256 | D:5      | Reached XP level 8. HP: 17/72 MP: 9/9
  4501 | D:5      | Found a hide-covered altar of Uskayaw.
  4580 | D:5      | Reached skill level 5 in Maces & Flails
  4768 | D:5      | Noticed Blork the orc
  4779 | D:5      | Killed Blork the orc
  4820 | D:5      | Found a shimmering altar of Xom.
  4972 | D:5      | Noticed Eustachio
  4992 | D:5      | Killed Eustachio
  4993 | D:5      | Reached skill level 6 in Maces & Flails
  5401 | D:6      | Noticed Dowan
  5402 | D:6      | Noticed Duvessa
  5408 | D:6      | Killed Duvessa
  5409 | D:6      | Killed Dowan
  5552 | D:6      | Reached XP level 9. HP: 78/78 MP: 10/10
  5566 | D:6      | Reached skill level 7 in Maces & Flails
  5843 | D:6      | Reached skill level 8 in Maces & Flails
  6136 | D:6      | Found Siwuen's Magic Scroll Shoppe.
  6150 | D:6      | Bought a scroll of blinking for 75 gold pieces
  6150 | D:6      | Bought a scroll of teleportation for 30 gold pieces
  6150 | D:6      | Bought a scroll of teleportation for 30 gold pieces
  6150 | D:6      | Bought a scroll of teleportation for 30 gold pieces
  6262 | D:7      | Found an ornate altar of the Wu Jian Council.
  6262 | D:7      | Found a staircase to the Ecumenical Temple.
  6401 | D:7      | Killed an unseen horror
  6402 | D:7      | Reached skill level 9 in Maces & Flails
  7238 | D:7      | Noticed a white ugly thing
  7246 | D:7      | Killed a white ugly thing
  7368 | D:7      | Noticed a deep elf pyromancer
  7384 | D:7      | Killed a deep elf pyromancer
  7385 | D:7      | Reached skill level 10 in Maces & Flails
  7693 | D:8      | Reached XP level 10. HP: 47/85 MP: 11/11
  7760 | D:8      | Found a basalt altar of Yredelemnul.
  7911 | D:8      | Reached skill level 11 in Maces & Flails
  7912 | D:8      | Noticed Maggie
  7923 | D:8      | Killed Maggie
  7947 | D:8      | Found a snail-covered altar of Cheibriados.
  8508 | D:8      | Found a shimmering blue altar of Sif Muna.
  8946 | D:9      | Reached skill level 12 in Maces & Flails
  9439 | D:9      | Found an iron altar of Okawaru.
  9569 | D:9      | Found the +10 tower shield of Ignorance {rN+ Int-4}
  9575 | D:9      | Found a runed translucent door.
  9592 | D:9      | Found a staircase to the Orcish Mines.
  9763 | D:9      | Found a runed translucent door.
  9790 | D:9      | Found a shadowy altar of Dithmenos.
  9908 | D:9      | Reached skill level 13 in Maces & Flails
  9920 | D:9      | Found a staircase to the Lair.
 10031 | D:9      | Noticed an orange crystal statue
 10081 | D:9      | Gained mutation: You are mostly covered in large bone
                  | plates. (SH +6) [demonic ancestry]
 10081 | D:9      | Reached XP level 11. HP: 68/90 MP: 12/12
 10147 | D:9      | Found a bloodstained altar of Trog.
 10439 | D:10     | Entered Level 10 of the Dungeon
 10463 | D:10     | Found Lancelot's Dragon-Slaying Spoils.
 10507 | D:10     | Noticed a two-headed ogre
 10514 | D:10     | Mangled by a two-headed ogre

Illustrated notes

Levels and vault maps discovered:
D:1:      dpeg_arrival_brainrot, layout_loops_ring
D:2:      layout_rooms, ebering_ecumenical_altar_petrified, serial_shops,
          nicolae_shop_waterfront, kennysheep_small_spiral
D:3:      layout_basic, nemelex_spade_bored_becter,
          gammafunk_ghost_gnarly_gnolls, grunt_ministairs_15, hex_large
D:4:      layout_basic, uniq_edmund, uniq_ijyb, uniq_grinder, uniq_pargi
D:5:      layout_cave_pods, mainiacjoe_overflow_catch_the_wave, uniq_eustachio,
          uniq_blork_the_orc, uniq_pikel
D:6:      layout_basic, serial_shops, shop, uniq_duvessa
D:7:      layout_basic, mainiacjoe_overflow_alcove_4,
          nicolae_wu_jian_wuxing_cycle, minmay_temple_entry_butterflies,
          wad_mini_maze
D:8:      layout_layer_cave, mainiacjoe_overflow_chevrons, tgw_sif,
          mainiacjoe_overflow_six_doors_small, mainiacjoe_overflow_boulevard,
          bh_walls_and_bars, uniq_maggie
D:9:      layout_long_grid, nicolae_dithmenos_the_darkroom, kennysheep_mini,
          lemuel_tele_altar, erik_lair_orcish_takeover, erik_orc_1,
          chequers_avenue, serial_bayou_ford_a,
          chequers_guarded_unrand_ignorance
D:10:     layout_cave_pools, evilmike_ruin_ashenzari,
          gammafunk_ghost_nasty_kobolds, nicolae_shop_dragon_depot

Skill      XL: |  1  2  3  4  5  6  7  8  9 10 |
---------------+-------------------------------+-----
Fighting       | 4 5 7 8 10 | 10.0
Maces & Flails | 4 6 10 13 | 13.4
Spellcasting   | |  1.0
Fire Magic     | |  2.6

Action                     |  1- 3 |  4- 6 |  7- 9 | 10-12 || total
---------------------------+-------+-------+-------+-------++-------
  Melee: Mace              |   105 |    79 |   195 |   181 ||   560
         Flail             |       |    21 |    13 |       ||    34
         Tailslap          |       |     4 |    43 |    31 ||    78
         Punch             |       |       |     1 |       ||     1
  Throw: Stone             |       |     4 |       |       ||     4
   Cast: Scorch            |       |     4 |       |       ||     4
 Invoke: Fiery Armour      |       |     2 |     2 |     3 ||     7
         Rising Flame      |       |     1 |       |       ||     1
  Evoke: Wand              |       |     7 |       |    12 ||    19
    Use: Potion            |       |     6 |       |     2 ||     8
         Scroll            |       |     4 |     8 |       ||    12
   Stab: Confused          |       |       |       |     1 ||     1
 Armour: Chain mail        |    92 |    45 |   250 |   194 ||   581
         Robe              |     3 |       |       |       ||     3
         Ring mail         |       |    79 |       |       ||    79
  Dodge: Dodged            |    39 |    73 |    89 |    47 ||   248
  Block: Other             |    19 |    28 |    43 |    19 ||   109
         Kite shield       |       |       |       |    85 ||    85

Table legend: (Time is in decaauts)
 A = Elapsed time spent in this place.
 B = Non-inter-level travel time spent in this place.
 C = Inter-level travel time spent in this place.
 D = Time resting spent in this place.
 E = Time spent auto-exploring this place.
 F = Levels seen in this place.
 G = Mean time per level.
                   A        B        C        D        E       F      G
               +--------+--------+--------+--------+--------+-----+--------+
         Total |  10603 |  10048 |    555 |    506 |   7721 |  10 | 1060.3 |
       Dungeon |  10603 |  10048 |    555 |    506 |   7721 |  10 | 1060.3 |
               +--------+--------+--------+--------+--------+-----+--------+

Top non-repeatable levels by time:
     D:9: 1510 daAuts
     D:7: 1432 daAuts
     D:5: 1404 daAuts
     D:4: 1329 daAuts
     D:8: 1312 daAuts
     D:3: 1028 daAuts
     D:2: 871 daAuts
     D:1: 865 daAuts
     D:6: 768 daAuts
    D:10: 79 daAuts
